Map: Automaton LE

Players

Ryosis

  • Race: Zerg Zerg
  • Spawn Location: 3:00

Marinelord - Winner!

  • Race: Terran Terran
  • Spawn Location: 9:00

Event: 2019 WCS Spring

VOD

Have the link to the VOD?

Description

Time

  • Played on: May 17, 2019, 8:05 a.m.
  • Length: 14:53

All games in this series

Show
View Real Time Build Order
Export as new Build Order

Ryosis Zerg 

Build Orders: Hatch First, Brood Lord Corruptor 

Get SALT Encoding   

  12  0:00  Drone  
  13  0:12  Overlord  
  13  0:17  Drone  
  14  0:31  Drone x2  
  16  0:49  Hatchery  
  15  0:52  Drone  
  15  0:56  Drone  
  17  1:00  Drone  
  18  1:10  Extractor  
  17  1:16  Spawning Pool  
  16  1:18  Drone  
  16  1:22  Drone  
  18  1:30  Drone  
  19  1:39  Drone  
  20  1:49  Drone  
  21  2:03  Queen x2  
  21  2:04  Zergling x4  
  27  2:11  Drone  
  27  2:15  Overlord  
  28  2:19  Extractor  
  28  2:34  Drone x3  
  28  2:35  Metabolic Boost  
  31  2:39  Queen  
  31  2:40  Drone  
  34  2:44  Overlord  
  34  2:52  Drone  
  35  2:59  Drone  
  36  3:06  Drone  
  36  3:07  Drone  
  37  3:12  Hatchery  
  37  3:14  Drone x4  
  37  3:17  Overlord  
  40  3:20  Drone  
  40  3:24  Queen  
  43  3:30  Overlord  
  43  3:34  Drone  
  44  3:43  Zergling x4  
  44  3:44  Drone x3  
  49  3:49  Drone  
  49  3:52  Drone x2  
  49  3:53  Overlord  
  52  3:56  Lair  
  52  3:57  Drone  
  53  4:04  Zergling x4  
  53  4:06  Queen  
  57  4:14  Drone  
  57  4:16  Drone  
  55  4:19  Zergling x6  
  59  4:24  Drone  
  59  4:29  Zergling x2  
  60  4:32  Queen  
  60  4:34  Overlord  
  60  4:35  Drone x2  
  64  4:38  Drone x2  
  64  4:41  Queen  
  64  4:42  Overlord  
  64  4:44  Drone  
  64  4:45  Baneling Nest  
  68  4:47  Drone  
  68  4:51  Zergling x2  
  68  4:54  Overlord  
  68  4:55  Zergling x4  
  68  4:58  Spore Crawler x2  
  66  5:00  Overseer  
  66  5:01  Drone x2  
  66  5:05  Zergling x2  
  67  5:09  Zergling x2  
  67  5:13  Drone  
  69  5:15  Spore Crawler  
  69  5:16  Drone x2  
  69  5:17  Zergling x2  
  69  5:18  Zergling x2  
  69  5:19  Drone  
  72  5:25  Zergling x4  
  72  5:26  Zergling x2, Drone  
  73  5:30  Drone  
  73  5:31  Extractor  
  73  5:33  Extractor, Drone  
  73  5:35  Drone  
  74  5:37  Overseer  
  74  5:42  Evolution Chamber x2  
  74  5:43  Hatchery, Extractor, Drone x2  
  74  5:44  Extractor, Drone  
  74  5:45  Drone x2  
  74  5:47  Drone  
  75  5:56  Drone x2  
  77  5:59  Overlord  
  77  6:01  Centrifical Hooks  
  77  6:02  Drone x2  
  79  6:04  Overlord  
  79  6:07  Drone x2  
  79  6:09  Drone  
  80  6:17  Zerg Melee Weapons Level 1  
  80  6:19  Drone x2  
  81  6:25  Drone  
  81  6:27  Drone  
  81  6:28  Drone  
  81  6:31  Overlord  
  81  6:32  Drone  
  84  6:37  Drone  
  84  6:38  Hydralisk Den, Zergling x14  
  91  6:43  Zergling x2  
  91  6:44  Baneling x5  
  91  6:46  Overlord  
  92  6:51  Drone  
  92  6:53  Drone  
  94  6:54  Queen  
  94  6:55  Drone  
  99  7:01  Drone x2  
  99  7:03  Drone x2  
  99  7:07  Drone x8  
  109  7:12  Zergling x2  
  109  7:14  Baneling x3  
  110  7:16  Muscular Augments, Drone  
  110  7:18  Infestation Pit, Zergling x2  
  110  7:22  Baneling x2  
  111  7:23  Baneling  
  111  7:27  Overlord  
  111  7:28  Hydralisk x4  
  111  7:29  Hydralisk  
  120  7:34  Hydralisk x3  
  118  7:38  Hydralisk x3  
  118  7:43  Hydralisk  
  124  7:48  Drone  
  124  7:49  Drone  
  124  7:50  Infestation Pit, Drone x6  
  131  7:51  Extractor  
  131  7:52  Extractor  
  131  7:55  Overlord  
  131  7:57  Drone x4  
  131  8:00  Drone x2  
  133  8:06  Hive  
  133  8:07  Extractor  
  133  8:08  Zergling x4  
  133  8:09  Zergling x2  
  133  8:12  Baneling  
  136  8:13  Overlord, Baneling x2  
  136  8:15  Hatchery  
  136  8:18  Spire  
  134  8:21  Spore Crawler  
  134  8:22  Zergling x14  
  140  8:30  Zergling x8  
  141  8:36  Baneling  
  141  8:38  Baneling x3  
  141  8:40  Drone x3  
  142  8:43  Grooved Spines  
  142  8:44  Zerg Ground Armor Level 1  
  142  8:45  Zergling x2  
  142  8:46  Zergling x14  
  142  8:48  Overlord x2  
  150  8:55  Overlord  
  150  9:01  Zergling x4  
  151  9:03  Overlord  
  151  9:05  Baneling x2  
  144  9:14  Drone x2  
  142  9:21  Zergling x12  
  144  9:28  Hatchery, Zergling x24  
  149  9:32  Baneling x2  
  149  9:34  Greater Spire  
  146  9:45  Corruptor x6  
  148  9:46  Corruptor x2  
  148  9:48  Viper  
  148  9:49  Viper  
  168  9:54  Zergling x2  
  168  9:55  Zergling x12  
  175  10:01  Drone x2  
  175  10:02  Spore Crawler x2  
  175  10:03  Zergling x6  
  172  10:07  Baneling x2  
  172  10:10  Extractor  
  170  10:16  Hydralisk, Baneling x3  
  170  10:17  Hydralisk, Baneling  
  170  10:19  Zergling x12  
  179  10:24  Baneling x2  
  179  10:40  Overlord  
  179  10:41  Queen  
  181  10:45  Overlord x2  
  178  10:55  Overlord x2  
  177  10:59  Brood Lord x8  
  193  11:04  Baneling  
  193  11:05  Zergling x2  
  193  11:06  Zergling x6  
  177  11:12  Zergling x14  
  177  11:15  Baneling x5  
  175  11:19  Zergling x20  
  175  11:22  Baneling  
  175  11:23  Baneling x3  
  185  11:25  Zergling x8  
  185  11:29  Drone  
  185  11:30  Drone  
  190  11:33  Baneling x7  
  190  11:34  Zergling x6  
  193  11:41  Zergling x12  
  199  11:49  Drone x2  
  199  11:52  Zergling x2  
  197  12:02  Baneling x6  
  189  12:09  Zergling x26  
  189  12:14  Zergling x16  
  173  12:26  Zergling x10  
  173  12:28  Baneling x12  
  161  12:34  Baneling x9  
  161  12:35  Zergling x4  
  138  12:45  Zergling x14  
  138  12:47  Baneling x4  
  140  12:56  Zergling x6  
  123  13:06  Zergling x8  
  125  13:19  Hydralisk  
  114  13:20  Hydralisk x6  
  122  13:33  Corruptor x3  
  124  13:40  Drone x6  
  124  13:41  Drone  
  118  13:53  Drone  
  116  13:57  Zergling x6  
  115  14:05  Hatchery  
  115  14:07  Drone  
  116  14:10  Drone x2  
  113  14:20  Hydralisk x5  
  113  14:23  Hydralisk  
  124  14:29  Hydralisk x2  
  128  14:36  Baneling x3  
  128  14:37  Baneling  
Show
View Real Time Build Order
Export as new Build Order

Marinelord Terran - Winner!

Build Orders: Gas First Reaper Expand, Hellion Banshee 

Get SALT Encoding   

  12  0:00  SCV  
  13  0:12  SCV  
  14  0:18  Supply Depot  
  14  0:24  SCV  
  15  0:30  Refinery  
  15  0:39  SCV  
  16  0:45  Barracks  
  16  0:51  SCV  
  17  1:03  SCV  
  18  1:15  SCV  
  19  1:32  Reaper, Orbital Command  
  20  1:46  Command Center  
  20  1:57  SCV  
  20  2:01  Factory  
  21  2:07  Barracks Reactor  
  21  2:10  SCV  
  21  2:15  Supply Depot  
  22  2:19  Refinery  
  22  2:22  SCV  
  24  2:37  SCV  
  24  2:49  SCV  
  24  2:50  Starport  
  25  2:51  Hellion  
  25  2:52  Hellion  
  29  3:01  SCV  
  31  3:10  Orbital Command  
  29  3:13  SCV  
  29  3:15  Barracks Tech Lab  
  29  3:22  Hellion x2  
  29  3:25  SCV  
  34  3:36  SCV  
  34  3:37  SCV  
  34  3:40  Cloaking Field  
  36  3:42  Banshee  
  39  3:48  SCV  
  39  3:49  Supply Depot  
  39  3:50  SCV  
  39  3:55  Hellion  
  43  3:58  Hellion  
  43  4:00  SCV  
  46  4:11  SCV  
  46  4:12  SCV, Supply Depot  
  48  4:19  Marine  
  48  4:22  Hellion x2  
  48  4:23  SCV  
  54  4:33  Banshee  
  54  4:34  SCV  
  54  4:35  SCV  
  59  4:39  Supply Depot  
  59  4:43  Command Center  
  57  4:46  SCV  
  57  4:49  SCV  
  57  4:51  Barracks Tech Lab  
  59  4:58  SCV  
  59  4:59  Factory Reactor  
  60  5:01  SCV  
  61  5:10  SCV  
  61  5:12  Barracks, Marine  
  61  5:13  SCV, Stimpack, Barracks  
  61  5:22  SCV  
  61  5:25  SCV  
  53  5:34  SCV, Engineering Bay, Marine, Refinery  
  53  5:35  Engineering Bay  
  55  5:37  SCV  
  55  5:38  Starport Reactor  
  56  5:46  SCV  
  56  5:47  Refinery  
  56  5:49  SCV  
  58  5:52  Barracks, Marine  
  58  5:53  Barracks  
  58  5:56  Siege Tank  
  62  5:58  Orbital Command  
  62  5:59  SCV  
  62  6:01  SCV  
  64  6:05  Terran Infantry Weapons Level 1  
  64  6:06  Terran Infantry Armor Level 1  
  64  6:08  Marine  
  64  6:11  SCV  
  66  6:12  Marine  
  66  6:15  Marine  
  66  6:16  SCV  
  69  6:20  Marine x2  
  69  6:23  SCV, Orbital Command  
  72  6:26  Marine  
  72  6:28  SCV  
  72  6:29  Marine  
  72  6:31  Siege Tank  
  78  6:33  Marine  
  78  6:35  SCV  
  78  6:37  Marine  
  78  6:38  Medivac x2  
  82  6:40  SCV  
  82  6:41  Marine  
  84  6:47  SCV  
  84  6:49  Barracks Reactor x2  
  84  6:53  Armory, SCV x2  
  87  6:55  Supply Depot  
  87  6:59  SCV, Marine x3  
  91  7:05  SCV  
  91  7:06  Supply Depot  
  91  7:07  SCV  
  93  7:13  Combat Shield  
  93  7:16  Marine x2  
  93  7:17  SCV x2  
  93  7:19  SCV, Supply Depot  
  93  7:21  Supply Depot  
  93  7:22  Marine, Supply Depot  
  98  7:23  Marine x2  
  98  7:27  Marine x3  
  104  7:30  Marine  
  104  7:34  Marine x2  
  97  7:40  Marine x2  
  97  7:41  Marine  
  97  7:43  Medivac  
  101  7:45  Marine x3  
  101  7:48  SCV x2  
  101  7:50  SCV, Marine  
  107  7:52  Marine  
  108  8:02  Refinery  
  108  8:03  Medivac  
  108  8:05  Terran Infantry Weapons Level 2, Siege Tank  
  113  8:06  Terran Infantry Armor Level 2  
  113  8:09  Marine  
  113  8:10  Marine x5  
  113  8:11  Marine  
  113  8:12  Marine  
  120  8:13  Medivac  
  120  8:14  Marine  
  124  8:27  Refinery, Marine x3  
  124  8:28  Marine  
  127  8:34  Command Center, Marine  
  127  8:35  Marine  
  127  8:38  Marine x2  
  127  8:39  Marine  
  132  8:42  Supply Depot x2  
  132  8:45  Marine, Supply Depot  
  132  8:46  Supply Depot  
  132  8:47  Supply Depot  
  133  8:56  Factory  
  133  9:03  Marine x4  
  133  9:04  SCV x3, Medivac x2, Siege Tank, Marine x2  
  133  9:08  Marine x3  
  150  9:21  Marine x4  
  150  9:22  Marine x2  
  155  9:25  SCV  
  155  9:26  Marine  
  155  9:27  SCV  
  155  9:28  Marine x2  
  152  9:32  SCV  
  152  9:34  Medivac x2  
  152  9:36  Siege Tank  
  152  9:37  SCV  
  161  9:40  Refinery  
  161  9:41  SCV  
  161  9:42  Factory Tech Lab  
  161  9:44  SCV, Marine x2  
  165  9:46  Marine  
  165  9:47  Planetary Fortress  
  165  9:50  Command Center  
  165  9:52  Refinery  
  166  9:56  Marine x2  
  166  9:58  Marine x2  
  170  10:01  Marauder, Marine  
  170  10:03  Marine  
  170  10:05  Marine  
  175  10:08  Siege Tank  
  175  10:12  Marine  
  175  10:16  Barracks  
  175  10:17  Barracks  
  175  10:18  Barracks  
  173  10:22  Marauder  
  173  10:27  Medivac x2  
  179  10:33  Terran Infantry Armor Level 3, Terran Infantry Weapons Level 3  
  179  10:35  Supply Depot  
  179  10:36  Supply Depot  
  179  10:47  SCV  
  180  10:51  SCV x2  
  178  10:57  Siege Tank x2  
  178  10:59  Supply Depot  
  178  11:00  Supply Depot  
  178  11:02  Marauder  
  178  11:03  Marine  
  172  11:15  Marine x2  
  172  11:18  Marine x2  
  174  11:26  Marauder, Marine x2  
  174  11:29  Siege Tank x2  
  184  11:39  Barracks Tech Lab  
  179  11:40  Barracks Tech Lab x2  
  179  11:41  Viking  
  179  11:42  Viking, Command Center  
  179  11:46  Starport  
  169  11:47  Marauder, Starport  
  169  11:48  Starport  
  169  11:53  Marine x4  
  169  11:54  Marine x2  
  173  11:56  Marine  
  173  11:57  Marine  
  169  12:01  Siege Tank  
  169  12:02  Thor  
  169  12:04  Marine x2  
  169  12:05  Marine  
  178  12:08  Marine  
  178  12:11  Viking, Marine  
  178  12:12  Viking, Marine  
  179  12:17  Planetary Fortress  
  179  12:20  SCV  
  179  12:24  Marine  
  179  12:26  Marine  
  166  12:30  Missile Turret  
  166  12:31  Viking  
  166  12:35  Marine  
  166  12:36  Marine  
  166  12:38  Marine x2  
  166  12:41  Viking  
  166  12:42  Viking  
  165  12:44  Viking x2  
  165  12:48  Marine  
  159  12:53  Marine  
  141  12:59  Marine x4  
  141  13:00  Marine x2  
  141  13:01  Viking, Marine x2  
  144  13:11  Viking x2  
  144  13:12  Marine  
  148  13:13  Marauder  
  148  13:14  Marine  
  148  13:16  Marine  
  148  13:33  Supply Depot  
  148  13:34  Supply Depot  
  148  13:35  Supply Depot  
  148  13:39  Command Center  
  148  13:42  Marine x4  
  148  13:43  Liberator x2  
  148  13:47  Marine x2  
  144  13:49  Siege Tank  
  144  13:51  SCV x3  
  148  14:01  Starport Tech Lab  
  148  14:02  Starport Reactor, Starport Tech Lab  
  148  14:03  Fusion Core  
  148  14:08  Armory, SCV  
  148  14:09  Armory, SCV  
  150  14:10  Marauder x3  
  150  14:11  Marauder, Marine x2, Barracks Reactor  
  150  14:12  Marine x2  
  150  14:13  SCV  
  163  14:20  SCV  
  163  14:21  SCV, Siege Tank  
  168  14:25  SCV  
  168  14:26  Marine x2  
  168  14:29  Marine  
Tags
 
Add a new tag
Caveats
  • Supply blocks, unpowered buildings, or Contaminate may cause inaccurate times.
  • Supply counts are checked every 10 seconds.